 Dungeon Crawl Stone Soup version 0.19.0-24-gb05acd6 (webtiles) character file.

127 GlenndL the Cudgeler (level 5, 0/33 HPs)
             Began as a Gargoyle Berserker on Nov 20, 2016.
             Was a Believer of Trog.
             Slain by wojtek's ghost (6 damage)
             ... on level 3 of the Dungeon.
             The game lasted 00:06:23 (1773 turns).

GlenndL the Cudgeler (Gargoyle Berserker)           Turns: 1773, Time: 00:06:24

Health: 0/33       AC: 10    Str: 20    XL:     5   Next: 11%
Magic:  5/5        EV:  9    Int:  8    God:    Trog [**....]
Gold:   96         SH:  7    Dex: 10    Spells: 0 memorised, 4 levels left

rFire  x . .     SeeInvis .     a - +0 mace
rCold  + . .     Gourm    .     h - +0 leather armour
rNeg   + . .     Faith    .     l - +0 shield
rPois  ∞         Spirit   .     t - +1 helmet
rElec  +         Reflect  .     (no cloak)
rCorr  .         Harm     .     u - +0 pair of gloves
MR     ++...                    (no boots)
Stlth  +.........               (no amulet)
                                p - ring of ice
                                (no ring)

@: regenerating
A: negative energy resistance 1, electricity resistance, unbreathing,
petrification resistance, rot immunity, AC +4
a: Berserk, Trog's Hand, Burn Spellbooks, Renounce Religion


You were on level 3 of the Dungeon.
You worshipped Trog.
Trog was pleased with you.
You were not hungry.

You visited 1 branch of the dungeon, and saw 3 of its levels.

You collected 96 gold pieces.

Inventory:

Hand Weapons
 a - a +0 mace (weapon)
 s - a +0 dagger of draining
Armour
 b - a +0 animal skin
 h - a +0 leather armour (worn)
 l - a +0 shield (worn)
 m - a +0 leather armour
 t - a +1 helmet (worn)
 u - a +0 pair of gloves (worn)
Jewellery
 f - an uncursed ring of wizardry
 p - a ring of ice (right hand)
Scrolls
 d - a scroll of enchant weapon {unknown}
 g - a scroll of recharging {unknown}
 i - a scroll of identify {unknown}
 j - 3 scrolls of immolation {unknown}
 n - a scroll of teleportation {unknown}
 q - a scroll of fear {unknown}
 r - a scroll of fog {unknown}
Potions
 e - 2 potions of might {unknown}
 k - a potion of heal wounds {unknown}
 o - 2 potions of flight {unknown}
Comestibles
 c - 3 bread rations


   Skills:
 + Level 4.2 Fighting
 + Level 4.4 Maces & Flails
 + Level 2.4 Armour
 + Level 2.1 Dodging
 + Level 0.4 Shields


You had 4 spell levels left.
You didn't know any spells.

Dungeon Overview and Level Annotations

Branches:
Dungeon (3/15)

Altars:
Nemelex Xobeh

Annotations:
D:3 wojtek's ghost, amateur KoSk


Innate Abilities, Weirdness & Mutations

You are resistant to torment.
Your stone body is resilient. (AC +4)
You are immune to poison.
You resist negative energy. (rN+)
You are resistant to electric shocks. (rElec)
You can survive without breathing.
You are immune to petrification.
You are immune to rotting.


Message History

You hit wojtek's ghost.
Wojtek's ghost is almost destroyed.
Wojtek's ghost barely misses you.
You hit wojtek's ghost but do no damage.
Wojtek's ghost is severely damaged.
You feel less exhausted. Wojtek's ghost hits you.
* * * LOW HITPOINT WARNING * * *
Wojtek's ghost barely misses you.
You hit wojtek's ghost but do no damage.
Wojtek's ghost is severely damaged.
Wojtek's ghost barely misses you.
You hit wojtek's ghost but do no damage.
Wojtek's ghost is severely damaged.
Wojtek's ghost hits you.
* * * LOW HITPOINT WARNING * * *
You closely miss wojtek's ghost.
Wojtek's ghost is severely damaged.
Wojtek's ghost hits you.
You die...

#... #..# ..## ... #.#
#
################.##.##
........(...)........#
################.##..#
...# #$.@....# ##.#
#..W.....# ##.#
#.!....#.# ##.#
#......# # ##.#######
#........ .....)....
.......... ##.#######
####........ ......#
##....#.. ......#


You could see wojtek's ghost.

Vanquished Creatures
  Robin (D:3)
  3 gnolls (D:3)
  An ooze (D:3)
  2 worms
  5 leopard geckos
  A ball python (D:2)
  6 giant cockroaches
  13 goblins
  4 hobgoblins
  7 jackals
  A quokka (D:2)
  5 bats
  6 frilled lizards
  5 kobolds
  9 rats
69 creatures vanquished.

Notes
Turn   | Place    | Note
-------+----------+-------------------------------------------
     0 | D:1      | GlenndL the Gargoyle Berserker began the quest for the Orb.
     0 | D:1      | Reached XP level 1. HP: 14/14 MP: 1/1
   180 | D:1      | Reached XP level 2. HP: 20/20 MP: 2/2
   489 | D:1      | Reached XP level 3. HP: 16/24 MP: 3/3
   804 | D:1      | Reached ** piety under Trog
  1280 | D:2      | Found a sparkling altar of Nemelex Xobeh.
  1420 | D:2      | Reached XP level 4. HP: 29/29 MP: 4/4
  1626 | D:3      | Noticed Robin
  1641 | D:3      | Killed Robin
  1733 | D:3      | Reached XP level 5. HP: 33/33 MP: 5/5
  1743 | D:3      | Noticed wojtek's ghost (amateur KoSk)
  1773 | D:3      | Slain by wojtek's ghost

Skill      XL: |  1  2  3  4 |
---------------+-------------+-----
Fighting       | 4 |  4.2
Dodging        | 2 |  2.1
Maces & Flails | 4 |  4.4
Armour         | |  2.4
Shields        | |  0.4

Action                   |  1- 3 |  4- 6 || total
-------------------------+-------+-------++-------
Melee: Mace              |   166 |    79 ||   245
Invok: Trog's Hand       |     2 |     3 ||     5
       Berserk           |     2 |     2 ||     4
  Eat: Beef jerky        |     2 |       ||     2
       Meat ration       |     1 |       ||     1
       Bread ration      |       |     1 ||     1
Armor: Animal skin       |    33 |       ||    33
       Leather armour    |    77 |    45 ||   122
Dodge: Dodged            |   169 |    47 ||   216
Block: Shield            |       |    33 ||    33
